 Dungeon Crawl Stone Soup version 0.28-a0-1510-gd0f6b136d3 (webtiles) character file.

Game seed: 1783530523561392858

49 horus123 the Cudgeller (level 4, 0/33 HPs)
             Began as a Human Wanderer on Jan 16, 2022.
             Slain by a kobold (2 damage)
             ... on level 2 of the Dungeon.
             The game lasted 00:04:15 (1681 turns).

horus123 the Cudgeller (Human Wanderer)             Turns: 1681, Time: 00:04:15

Health: 0/33       AC:  2    Str: 12    XL:     4   Next: 1%
Magic:  7/7        EV: 11    Int: 16    God:
Gold:   42         SH:  0    Dex: 11    Spells: 6/7 levels left

rFire   . . .      SeeInvis .   a - +2 mace
rCold   . . .      Faith    .   (no shield)
rNeg    . . .      Spirit   .   d - +0 robe
rPois   .          Reflect  .   (no helmet)
rElec   .          Harm     .   (no cloak)
rCorr   .          Rampage  .   (no gloves)
Will    .....                   (no boots)
Stlth   +.........              (no amulet)
HPRegen 0.11/turn               (no ring)
MPRegen 0.10/turn               (no ring)

@: no status effects
A: no striking features
a: no special abilities


You were on level 2 of the Dungeon.
You visited 1 branch of the dungeon, and saw 2 of its levels.

You collected 42 gold pieces.

Inventory:

Hand Weapons
 a - a +2 mace (weapon)
 c - a +0 dagger
Missiles
 b - 6 boomerangs (quivered)
Armour
 d - a +0 robe (worn)
 g - a +0 leather armour of fire resistance
Potions
 e - a potion of attraction
 f - a potion of heal wounds {unknown}
 h - 2 potions of magic


   Skills:
 - Level 2.1 Fighting
 - Level 4.0 Maces & Flails
 - Level 2.0 Throwing
 - Level 1.0 Stealth
 + Level 2.3 Spellcasting
 - Level 1.0 Fire Magic
 - Level 1.0 Invocations


You had 6 spell levels left.
You knew the following spells:

 Your Spells              Type           Power      Damage    Failure   Level
a - Foxfire               Conj/Fire      12%        2x1d4     16%         1

Your spell library contained the following spells:

 Spells                   Type           Power      Damage    Failure   Level
 Ignite Poison            Fire/Tmut/Pois 2%         N/A       47%         3
 Stone Arrow              Conj/Erth      2%         3d7       52%         3
 Animate Armour           Summ/Erth      2%         N/A       90%         4
 Lehudib's Crystal Spear  Conj/Erth      0%         10d2      100%        8


Dungeon Overview and Level Annotations

Branches:
Dungeon (2/15)

Altars:


Message History

The rat bites you but does no damage.
You hit the rat.
You kill the rat!
The ball python bites you but does no damage.
The ball python grabs you. The ball python constricts you.
You barely miss the ball python. The ball python bites you.
The ball python constricts you.
You hit the ball python.
You kill the ball python!
You have reached level 4!
You feel agile.
You start resting.
A kobold comes into view. It is wielding a +0 whip.
You start resting.
A kobold is nearby!
The kobold shouts!
You see here a +0 plate armour.
You hit the kobold but do no damage. The kobold hits you with a +0 whip.
You are too injured to fight recklessly!
You are too injured to fight recklessly!
You are too injured to fight recklessly!
You barely miss the kobold. The kobold hits you with a +0 whip.
A rat comes into view.
You hit the kobold.
The kobold is severely wounded.
The kobold hits you with a +0 whip.
* * * LOW HITPOINT WARNING * * *
The kobold hits you with a +0 whip.
* * * LOW HITPOINT WARNING * * *
You hit the kobold but do no damage.
The kobold is severely wounded.
The kobold hits you with a +0 whip.
* * * LOW HITPOINT WARNING * * *
You barely miss the kobold.
The kobold is severely wounded.
The kobold barely misses you.
You closely miss the kobold.
The kobold is severely wounded.
The kobold hits you with a +0 whip.
You die...

#.#........[# ..#
#.#.........# ...#
#......###..##...#
.####....###........##
♣.≈....))...S.#.#....##
....≈≈..<.###r.....#...
♣...≈≈≈.#...###.....##.
...♣≈≈≈.........†...$..
≈#≈........####@..?.###
....♣≈..... #.K...#
≈..≈..≈...... .........
≈≈.≈...........r.......
#..##♣####.....!......
............
...........##
.#..........#


You could see a kobold and a rat.

Vanquished Creatures
  An adder (D:2)
  A dart slug (D:1)
  4 bats
  4 endoplasms
  5 goblins
  4 hobgoblins (D:1)
  5 kobolds
  6 ball pythons
  A frilled lizard (D:1)
  4 rats
35 creatures vanquished.

Vanquished Creatures (others)
  4 foxfires (D:2)
4 creatures vanquished.

Grand Total: 39 creatures vanquished

Notes
Turn   | Place    | Note
-------+----------+-------------------------------------------
     0 | D:1      | horus123 the Human Wanderer began the quest for the Orb.
     0 | D:1      | horus123 set off with the following items: a +2 mace, 6
                  | boomerangs, a +0 dagger, a +0 robe; and the following spell
                  | memorised: Foxfire; and the following spells available to
                  | memorise: Ignite Poison
     0 | D:1      | Reached XP level 1. HP: 13/13 MP: 2/2
    48 | D:1      | Reached skill level 1 in Fighting
    55 | D:1      | Reached XP level 2. HP: 11/21 MP: 3/3
   641 | D:1      | Reached XP level 3. HP: 26/27 MP: 4/4
   645 | D:1      | Learned a level 3 spell: Ignite Poison
  1618 | D:2      | Reached XP level 4. HP: 11/33 MP: 7/7
  1679 | D:2      | HP: 1/33 [kobold (4)]
  1681 | D:2      | Slain by a kobold

Illustrated notes

Levels and vault maps discovered:
D:1:      dpeg_arrival_boxorama, layout_loops_ring, minmay_small_reverse_x
D:2:      layout_rooms, chequers_serial_rivers_marsh

Skill      XL: |  1  2  3 |
---------------+----------+-----
Fighting       | 1 2 |  2.1
Spellcasting   | 2 |  2.3
Maces & Flails | |  4.0
Throwing       | |  2.0
Stealth        | |  1.0
Fire Magic     | |  1.0
Invocations    | |  1.0

Action                   |  1- 3 |  4- 6 || total
-------------------------+-------+-------++-------
Melee: Mace              |    84 |     6 ||    90
       Punch             |     1 |       ||     1
Throw: Boomerang         |    13 |       ||    13
 Cast: Foxfire           |     2 |       ||     2
  Use: Scroll            |     5 |       ||     5
Armor: Robe              |    30 |       ||    30
Dodge: Dodged            |    61 |     1 ||    62

Table legend: (Time is in decaauts)
 A = Elapsed time spent in this place.
 B = Non-inter-level travel time spent in this place.
 C = Inter-level travel time spent in this place.
 D = Time resting spent in this place.
 E = Time spent auto-exploring this place.
 F = Levels seen in this place.
 G = Mean time per level.
                   A        B        C        D        E       F      G
               +--------+--------+--------+--------+--------+-----+--------+
         Total |   1701 |   1645 |     56 |    572 |    745 |   2 |  850.5 |
       Dungeon |   1701 |   1645 |     56 |    572 |    745 |   2 |  850.5 |
               +--------+--------+--------+--------+--------+-----+--------+

Top non-repeatable levels by time:
     D:1: 1245 daAuts
     D:2: 455 daAuts
